 Dungeon Crawl Stone Soup version 0.23.2 (webtiles) character file.

Game seed: 11570632098407206839

1758 zfor the Arsonist (level 8, 0/41 HPs)
             Began as a Deep Elf Fire Elementalist on Apr 12, 2019.
             Succumbed to Eustachio's poison
             ... on level 6 of the Dungeon.
             The game lasted 00:51:39 (7132 turns).

zfor the Arsonist (Deep Elf Fire Elementalist)      Turns: 7132, Time: 00:51:39

Health: 0/41       AC:  5    Str:  3 (5)  XL:     8   Next: 79%
Magic:  2/14       EV: 13    Int: 25 (28) God:
Gold:   327        SH:  0    Dex: 14 (15) Spells: 3/13 levels left

rFire    . . .     SeeInvis .   n - +4 quarterstaff (chaos)
rCold    . . .     Gourm    .   (shield currently unavailable)
rNeg     + . .     Faith    .   x - +1 robe {MR+}
rPois    .         Spirit   .   s - +0 helmet
rElec    .         Reflect  .   q - +0 cloak
rCorr    .         Harm     .   (no gloves)
MR       +....                  (no boots)
Stlth    ++........             p - amulet of the acrobat
HPRegen  0.13/turn              o - ring of positive energy
MPRegen  0.14/turn              w - +5 ring of intelligence

@: lethally poisoned (0 -> -4), very slightly contaminated, invisible
A: no striking features
a: no special abilities


You were on level 6 of the Dungeon.
You were near starving.

You visited 2 branches of the dungeon, and saw 7 of its levels.

You collected 327 gold pieces.

Inventory:

Hand Weapons
 n - a +4 quarterstaff of chaos (weapon)
Armour
 a - a +0 robe
 q - a +0 cloak (worn)
 s - a +0 helmet (worn)
 x - a +1 robe of magic resistance (worn)
 y - a scarf of cloud immunity
Jewellery
 o - a ring of positive energy (left hand)
 p - an amulet of the acrobat (around neck)
 w - a +5 ring of intelligence (right hand)
Wands
 j - a wand of random effects (25)
Scrolls
 d - a scroll of magic mapping
 g - a scroll of amnesia {unknown}
 h - 3 scrolls of remove curse
 i - 2 scrolls of enchant weapon {unknown}
 k - 2 scrolls of fog {unknown}
 m - a scroll of enchant armour {unknown}
 v - a scroll of teleportation {unknown}
Potions
 b - a potion of invisibility
 l - a potion of ambrosia {unknown}
 r - a potion of agility {unknown}
 t - a potion of cancellation
 z - a potion of brilliance {unknown}
 A - a potion of flight {unknown}
 B - a potion of lignification {unknown}
Comestibles
 c - 13 rations


   Skills:
 - Level 2.4 Dodging
 - Level 2.4 Stealth
 - Level 3.0 Spellcasting
 - Level 1.1 Conjurations
 + Level 12.4 Fire Magic


You had 3 spell levels left.
You knew the following spells:

 Your Spells              Type           Power        Failure   Level  Hunger
a - Flame Tongue          Conj/Fire      #####        1%          1    None
b - Throw Flame           Conj/Fire      #####.       1%          2    ##.....
c - Conjure Flame         Conj/Fire      #####...     1%          3    ###....
d - Sticky Flame          Conj/Fire      #####...     6%          4    ####...

Your spell library contained the following spells:

 Spells                   Type           Power        Failure   Level  Hunger
 Inner Flame              Hex/Fire       ####....     2%          3    ###....
 Animate Skeleton         Necr           N/A          10%         1    None
 Apportation              Tloc           #.....       10%         1    None
 Confusing Touch          Hex            #.....       10%         1    None
 Summon Small Mammal      Summ           #...         10%         1    None
 Confuse                  Hex            #.......     30%         3    ###....
 Gell's Gravitas          Tloc           #.........   30%         3    ###....
 Fireball                 Conj/Fire      #####.....   17%         5    ######.
 Petrify                  Tmut/Erth      #.......     69%         4    ####...
 Metabolic Englaciation   Hex/Ice        #.........   95%         5    ######.
 Yara's Violent Unravell  Hex/Tmut       #.........   95%         5    ######.


Dungeon Overview and Level Annotations

Branches:
Dungeon (6/15)             Temple (1/1) D:5

Altars:
Ashenzari
Cheibriados
Gozag
Hepliaklqana
Kikubaaqudgha
Makhleb
Nemelex Xobeh
Qazlal
Ru
Trog
Uskayaw
Vehumet
Yredelemnul
Zin
The Shining One

Shops:
D:5 :


Message History

The puff of frost hits you!
* * * LOW HITPOINT WARNING * * *
* * * LOW HITPOINT WARNING * * *
You feel sick.
You see here a worm corpse.
It was a potion of invisibility.
You fade into invisibility!
* * * LOW HITPOINT WARNING * * *
You feel sick.
The white imp gestures at Eustachio.
The puff of frost hits Eustachio!
Eustachio dies!
The white imp disappears in a puff of smoke!
The shadow imp disappears in a puff of smoke!
The white imp disappears in a puff of smoke!
You are very lightly contaminated with residual magic.
It was a potion of degeneration.
There was something very wrong with that liquid.
You feel weakened.
You feel dopey.
You feel clumsy.
You die...

..........# #)## #o#
#.........# #.o## #.#
#.5[).....# ##..#####)#
..........## ##.......#
##..w...(..######...>.#
##)..........§..#§)...#
##........#####.#)§...#
.....##########.#†....#######
.###... ........@...........#
..##### #######.#####.#####.<
..# #..o.oo..<.# ..#
#.........(# .## ##..o......#
..# #.........# ..#
#(......).# ..# #..<......#
.## #...?.....#


There were no monsters in sight!

Vanquished Creatures
  Prince Ribbit (D:6)
  Menkaure (D:5)
  A centaur (D:5)
  A phantom (D:5)
  A big kobold (D:5)
  Blork the orc (D:5)
  2 bullfrogs (D:6)
  A scorpion (D:6)
  2 crimson imps (D:6)
  A bullfrog zombie (D:4)
  A hound (D:5)
  A jelly (D:5)
  2 bullfrog skeletons
  3 orc priests
  Crazy Yiuf (D:2)
  4 orc wizards (D:6)
  2 iguanas (D:6)
  6 worker ants
  A hound skeleton (D:6)
  6 adders
  A gnoll (D:5)
  A shadow imp (D:5)
  An ooze (D:2)
  A worm (D:6)
  4 dart slugs
  5 leopard geckos
  12 orcs
  3 bats
  5 giant cockroaches
  8 goblins
  5 hobgoblins
  2 jackals (D:4)
  A quokka (D:3)
  A ball python (D:1)
  8 frilled lizards
  10 kobolds
  A leopard gecko skeleton (D:4)
  24 rats
  A fungus (D:2)
133 creatures vanquished.

Vanquished Creatures (others)
  Eustachio (D:6)
1 creature vanquished.

Grand Total: 134 creatures vanquished

Notes
Turn   | Place    | Note
-------+----------+-------------------------------------------
     0 | D:1      | zfor the Deep Elf Fire Elementalist began the quest for the
                  | Orb.
     0 | D:1      | Reached XP level 1. HP: 10/10 MP: 6/6
   212 | D:1      | Reached skill level 4 in Fire Magic
   212 | D:1      | Reached XP level 2. HP: 15/15 MP: 5/8
   216 | D:1      | Learned a level 2 spell: Throw Flame
  1065 | D:2      | Reached XP level 3. HP: 19/19 MP: 5/9
  1070 | D:2      | Learned a level 3 spell: Conjure Flame
  1453 | D:2      | Reached skill level 5 in Fire Magic
  2032 | D:2      | Found a runed translucent door.
  2033 | D:2      | Noticed Crazy Yiuf
  2388 | D:2      | Killed Crazy Yiuf
  2388 | D:2      | Reached XP level 4. HP: 24/24 MP: 3/10
  2425 | D:3      | Found a radiant altar of Vehumet.
  2614 | D:3      | Reached skill level 6 in Fire Magic
  3383 | D:4      | Reached XP level 5. HP: 17/28 MP: 7/11
  3389 | D:4      | Learned a level 4 spell: Sticky Flame
  3601 | D:4      | Reached skill level 7 in Fire Magic
  3881 | D:4      | Reached XP level 6. HP: 32/32 MP: 2/12
  4464 | D:5      | Entered Level 5 of the Dungeon
  4535 | D:5      | Reached skill level 8 in Fire Magic
  4634 | D:5      | Found Engaifad's Book Shoppe.
  4638 | D:5      | Found a burning altar of Makhleb.
  4939 | D:5      | Reached skill level 9 in Fire Magic
  4939 | D:5      | Reached XP level 7. HP: 10/36 MP: 2/13
  5059 | D:5      | Noticed Blork the orc
  5077 | D:5      | Killed Blork the orc
  5406 | D:5      | Found a sacrificial altar of Ru.
  5479 | D:5      | Found a staircase to the Ecumenical Temple.
  5483 | D:5      | Noticed Menkaure
  5490 | D:5      | Killed Menkaure
  5490 | D:5      | Reached skill level 10 in Fire Magic
  5678 | Temple   | Entered the Ecumenical Temple
  6184 | D:6      | Reached XP level 8. HP: 16/41 MP: 1/14
  6293 | D:6      | HP: 2/41 [bullfrog (7)]
  6330 | D:6      | Reached skill level 11 in Fire Magic
  6740 | D:6      | Found a snail-covered altar of Cheibriados.
  6797 | D:6      | Noticed Prince Ribbit
  6809 | D:6      | Killed Prince Ribbit
  6962 | D:6      | Reached skill level 12 in Fire Magic
  7018 | D:6      | Noticed Eustachio
  7129 | D:6      | HP: 2/41 [poisoned by Eustachio]
  7130 | D:6      | Killed Eustachio
  7132 | D:6      | Succumbed to Eustachio's poison

Skill      XL: |  1  2  3  4  5  6  7  8 |
---------------+-------------------------+-----
Fire Magic     | 4 5 6 7 9 10 12 | 12.4
Dodging        | |  2.4
Stealth        | |  2.4
Spellcasting   | |  3.0
Conjurations   | |  1.1

Action                   |  1- 3 |  4- 6 |  7- 9 || total
-------------------------+-------+-------+-------++-------
Melee: Unarmed           |    86 |       |       ||    86
       Quarterstaff      |       |    15 |    36 ||    51
 Cast: Flame Tongue      |    40 |    69 |    72 ||   181
       Throw Flame       |    27 |    40 |    31 ||    98
       Conjure Flame     |       |     3 |       ||     3
       Sticky Flame      |       |       |     2 ||     2
  Use: Scroll            |     1 |     6 |       ||     7
       Potion            |       |     1 |    15 ||    16
  Eat: Chunk             |     4 |     7 |     3 ||    14
       Ration            |     1 |       |     1 ||     2
Armor: Robe              |     2 |     3 |    27 ||    32
Dodge: Dodged            |    12 |    18 |   125 ||   155
